 Dungeon Crawl Stone Soup version 0.26-a0-712-ga5a9c9c9d0 (webtiles) character file.

Game seed: 13031430760027379777

19 kae the Insei (level 2, -1/18 HPs)
             Began as an Octopode Transmuter on Nov 10, 2020.
             Slain by a kobold
             ... wielding a +0 club
              (3 damage)
             ... on level 1 of the Dungeon.
             The game lasted 00:00:12 (71 turns).

kae the Insei (Octopode Transmuter)                   Turns: 71, Time: 00:00:12

Health: -1/18      AC:  1    Str:  9    XL:     2   Next: 75%
Magic:  5/5        EV: 13    Int: 15    God:
Gold:   0          SH:  0    Dex: 12    Spells: 4/5 levels left

rFire    . . .     SeeInvis .     - Unarmed
rCold    . . .     Faith    .   (no shield)
rNeg     . . .     Spirit   .   (helmet restricted)
rPois    .         Reflect  .   (no amulet)
rElec    .         Harm     .   (no ring)
rCorr    .         Rampage  .   (no ring)
MR       .....                  (no ring)
Stlth    ++........             (no ring)
HPRegen  0.06/turn              (no ring)
MPRegen  0.09/turn              (no ring)
                                (no ring)
                                (no ring)

@: no status effects
A: almost no armour, stealthy swim, amphibious, 8 rings, constrict 8, camouflage
1, gelatinous body 1
a: no special abilities


You were on level 1 of the Dungeon.
You visited 1 branch of the dungeon, and saw 1 of its levels.

You aren't carrying anything.


   Skills:
 + Level 1.2 Fighting
 + Level 2.2 Dodging
 * Level 3.2 Unarmed Combat
 + Level 2.1 Spellcasting
 * Level 2.3 Transmutations


You had 4 spell levels left.
You knew the following spells:

 Your Spells              Type           Power        Failure   Level
a - Beastly Appendage     Tmut           #.....       9%          1

Your spell library contained the following spells:

 Spells                   Type           Power        Failure   Level
 Wereblood                Tmut           #.......     12%         2
 Spider Form              Tmut/Pois      #.........   38%         3
 Ice Form                 Ice/Tmut       #.......     80%         4
 Blade Hands              Tmut           #.........   92%         5


Dungeon Overview and Level Annotations

Branches:
Dungeon (1/15)

Altars:


Innate Abilities, Weirdness & Mutations

You cannot wear most types of armour.
You are very stealthy in the water. (Stealth+)
You are amphibious.
You can wear up to eight rings at the same time.
You can use your tentacles to constrict eight enemies at once.
Your skin changes colour to match your surroundings (Stealth+).
Your rubbery body absorbs attacks. (AC +1, EV +1)


Message History

You swing at nothing.
You start resting.
A kobold is nearby!
You swing at nothing.
You swing at nothing.
You swing at nothing.
You swing at nothing.
You start resting.
A kobold is nearby!
You swing at nothing.
The kobold shouts!
A hobgoblin comes into view.
You miss the kobold. You grab the kobold.
You constrict the kobold, but do no damage.
The kobold hits you with a +0 club.
* * * LOW HITPOINT WARNING * * *
You tentacle-slap the kobold.
The kobold is moderately wounded.
You constrict the kobold. The kobold hits you with a +0 club.
You die...

.. #.$.. # ... #...#
.# >..###...##.
.......?...### ##
...$......##≈##≈##
.........##≈P≈≈♣≈##
.........#≈P8P♣8♣≈#
.....g...##.P..♣≈####
###....?.K@...<≈≈...#
#......##.P..P≈##.#
#......#≈P8PP8P≈#
#.......##≈P≈≈P≈##
#.###.#.###≈##≈## ...
#.#.# ### ## .# .....
...#.#


You could see a hobgoblin and a kobold.

Vanquished Creatures
  A gnoll (D:1)
  A leopard gecko (D:1)
  A bat (D:1)
  2 goblins (D:1)
  2 hobgoblins (D:1)
  A frilled lizard (D:1)
8 creatures vanquished.

Notes
Turn   | Place    | Note
-------+----------+-------------------------------------------
     0 | D:1      | kae the Octopode Transmuter began the quest for the Orb.
     0 | D:1      | Reached XP level 1. HP: 13/13 MP: 3/3
    19 | D:1      | Reached XP level 2. HP: 12/18 MP: 5/5
    71 | D:1      | Slain by a kobold

Illustrated notes

Levels and vault maps discovered:
D:1:      ldierk_walled_garden_2, layout_rooms

Action                   || total
-------------------------++-------
Melee: Unarmed           ||    19
       Constrict         ||     7
       Kick              ||     2
       Tentacles         ||     2
       Punch             ||     1
 Cast: Beastly Appendage ||     1
Dodge: Dodged            ||    12

Table legend: (Time is in decaauts)
 A = Elapsed time spent in this place.
 B = Non-inter-level travel time spent in this place.
 C = Inter-level travel time spent in this place.
 D = Time resting spent in this place.
 E = Time spent auto-exploring this place.
 F = Levels seen in this place.
 G = Mean time per level.
                   A        B        C        D        E       F      G
               +--------+--------+--------+--------+--------+-----+--------+
         Total |     68 |     68 |      0 |     13 |      2 |   1 |   68.0 |
       Dungeon |     68 |     68 |      0 |     13 |      2 |   1 |   68.0 |
               +--------+--------+--------+--------+--------+-----+--------+

Top non-repeatable levels by time:
     D:1: 68 daAuts
